 Dungeon Crawl Stone Soup version 0.14.2 (webtiles) character file.

122 Astera the Gusty (level 4, 24/28 HPs)
             Began as a Tengu Air Elementalist on June 22, 2022.
             Quit the game on Level 2 of the Dungeon.
             The game lasted 00:18:02 (1989 turns).

Astera the Gusty (Tengu Air Elementalist)           Turns: 1989, Time: 00:18:02

HP  24/28        AC  4     Str  8      XL: 4   Next: 26%
MP   6/8         EV 12     Int 20      God:
Gold 50          SH  0     Dex 15      Spells:  1 memorised,  6 levels left

rFire  . . .     SeeInvis .     h - +0 short sword
rCold  . . .     Clarity  .     a - +1 robe
rNeg   . . .     Conserve .     (no shield)
rPois  .         rCorr    .     (helmet restricted)
rElec  .         rRot     .     (no cloak)
SustAb . .       Spirit   .     f - +0 pair of gloves (curse)
rMut   .         Warding  .     (boots unavailable)
Saprov . . .     Stasis   .     (no amulet)
MR     .....                    o - ring of teleport control
                                j - +4 ring of intelligence

@: not resistant to hostile enchantments, fairly stealthy
A: beak, talons 3
a: Evoke Teleport Control


You were on level 2 of the Dungeon.
You were very hungry.

You visited 1 branch of the dungeon, and saw 3 of its levels.

You collected 50 gold pieces.

Inventory:

Hand weapons
 h - a +0,+0 short sword (weapon)
Missiles
 k - 48 darts (quivered)
Armour
 a - a +1 robe (worn)
 f - a cursed +0 pair of gloves (worn)
Comestibles
 c - 3 bread rations
 m - 2 meat rations
 s - a pear
Scrolls
 e - 2 scrolls of remove curse
 i - 2 scrolls of magic mapping {unknown}
 l - a scroll of blinking
 p - a scroll of enchant weapon I {unknown}
 q - a scroll of identify {unknown}
Jewellery
 j - a +4 ring of intelligence (left hand)
 o - a ring of teleport control (right hand)
 r - an uncursed ring of protection from cold {unknown}
Potions
 d - a potion of curing {unknown}
 g - 2 potions of heal wounds {unknown}
Books
 b - a book of Air

   Spells                             Type                      Level
   *Shock                             Conjuration/Air              1
   Swiftness                          Charms/Air                   2
   Repel Missiles                     Charms/Air                   2
   Flight                             Charms/Air                   3
   Static Discharge                   Conjuration/Air              3
   Lightning Bolt                     Conjuration/Air              5


   Skills:
 + Level 3.5 Fighting
 - Level 2.1 Dodging
 - Level 2.0 Stealth
 - Level 2.0 Spellcasting
 - Level 1.7 Conjurations
 - Level 4.0 Air Magic


You had 6 spell levels left.
You knew the following spells:

 Your Spells              Type           Power        Failure   Level  Hunger
a - Shock                 Conj/Air       ##..         6%          1    #......


Dungeon Overview and Level Annotations

Branches:
Dungeon (3/15)

Altars:


Innate Abilities, Weirdness & Mutations

You have a beak for a mouth.
You have claws for feet.


Message History

Okay, then.
Casting: Shock
Confirm with . or Enter, or press ? or * to list all spells.
Aiming: Shock
Press: ? - help, Shift-Dir - straight line, f - giant newt
Aim: a giant newt
Okay, then.
Casting: Shock
Confirm with . or Enter, or press ? or * to list all spells.
Aiming: Shock
Press: ? - help, Shift-Dir - straight line, f - giant newt
Aim: a giant newt
Okay, then.
Casting: Shock
Confirm with . or Enter, or press ? or * to list all spells.
Aiming: Shock
Press: ? - help, Shift-Dir - straight line, f - giant newt
Aim: a giant newt
Okay, then.
Are you sure you want to abandon this character and quit the game? (Confirm with "yes".)

#......................
#...#..##.###....#.####
#.#..............#.####
###.#....................
#......♣P.P..PPP..#######
#.#....P♣♣P.♣♣♣P..#
#.#....P♣♣###♣♣...#######
#.#.#..P♣##.##PP.....##..
#.#.#.g♣@'...#PP.....##.#
#......lP##.##♣♣.....##.#
#.......♣♣###♣♣..%.......
#.......♣♣.P.♣♣..........
#.#.#..PP.............%..
#.#.#.............#####..
#.#.#.............# #..
#>#.###.....#####.# #..
##.#.#
#####.......#####.#


You could see a hobgoblin and a giant newt.

Vanquished Creatures
  4 adders (D:2)
  A giant gecko (D:1)
  2 bats
  3 giant cockroaches
  7 goblins
  5 hobgoblins
  A quokka (D:2)
  A ball python (D:1)
  2 giant newts (D:1)
  3 kobolds
  8 rats
37 creatures vanquished.

Notes
Turn   | Place    | Note
--------------------------------------------------------------
     0 | D:1      | Astera, the Tengu Air Elementalist, began the quest for the Orb.
     0 | D:1      | Reached XP level 1. HP: 10/10 MP: 3/3
   342 | D:1      | Reached skill level 1 in Fighting
   384 | D:1      | Reached XP level 2. HP: 14/16 MP: 1/5
   897 | D:2      | Reached XP level 3. HP: 17/22 MP: 2/7
  1427 | D:2      | Reached XP level 4. HP: 26/28 MP: 2/8
  1989 | D:2      | Quit the game

Action                   |  1- 3 |  4- 6 || total
-------------------------+-------+-------++-------
Melee: Unarmed           |     8 |       ||     8
       Short sword       |    23 |     4 ||    27
 Cast: Shock             |    61 |     7 ||    68
  Use: Scroll            |     4 |       ||     4
